 Dungeon Crawl Stone Soup version 0.28.0-43-g3370ac3207 (webtiles) character file.

Game seed: 7097148253885371174

90 pkoi the Gusty (level 4, -1/33 HPs)
             Began as a Demigod Air Elementalist on Mar 27, 2022.
             Slain by a gnoll
             ... wielding a +0 halberd
              (6 damage)
             ... on level 3 of the Dungeon.
             The game lasted 00:02:48 (3733 turns).

pkoi the Gusty (Demigod Air Elementalist)           Turns: 3733, Time: 00:02:49

Health: -1/33      AC:  3    Str:  9    XL:     4   Next: 11%
Magic:  10/10      EV: 12    Int: 17    God:
Gold:   175        SH:  0    Dex: 18    Spells: 6/7 levels left

rFire   . . .      SeeInvis .   h - +0 dagger (venom)
rCold   . . .      Faith    .   (no shield)
rNeg    . . .      Spirit   .   a - +0 robe
rPois   .          Reflect  .   (no helmet)
rElec   .          Harm     .   (no cloak)
rCorr   .          Rampage  .   (no gloves)
Will    .....                   e - +0 pair of boots
Stlth   ++........              (no amulet)
HPRegen 0.11/turn               (no ring)
MPRegen 0.12/turn               (no ring)

@: no status effects
A: high MP 1, forlorn, divine attributes
a: no special abilities


You were on level 3 of the Dungeon.
You visited 1 branch of the dungeon, and saw 4 of its levels.

You collected 175 gold pieces.

Inventory:

Hand Weapons
 b - a +0 dagger
 h - a +0 dagger of venom (weapon)
Armour
 a - a +0 robe (worn)
 e - a +0 pair of boots (worn)
Jewellery
 l - an amulet of guardian spirit
Scrolls
 d - a scroll of vulnerability {unknown}
 i - a scroll of fog {unknown}
 j - a scroll of silence {unknown}
 k - 2 scrolls of identify {unknown}
Potions
 c - 3 potions of curing {unknown}
 f - a potion of flight {unknown}
 g - 2 potions of magic {unknown}
 m - a potion of heal wounds {unknown}


   Skills:
 - Level 1.7 Dodging
 - Level 1.7 Stealth
 + Level 2.2 Spellcasting
 + Level 1.6 Conjurations
 * Level 4.1 Air Magic


You had 6 spell levels left.
You knew the following spells:

 Your Spells              Type           Power      Damage    Failure   Level
a - Shock                 Conj/Air       44%        1d5       6%          1

Your spell library contained the following spells:

 Spells                   Type           Power      Damage    Failure   Level
 Static Discharge         Conj/Air       11%        N/A       9%          2
 Swiftness                Air            16%        N/A       11%         3
 Summon Small Mammal      Summ           4%         N/A       19%         1
 Airstrike                Air            8%         N/A       34%         4
 Call Canine Familiar     Summ           1%         N/A       50%         3
 Summon Guardian Golem    Hex/Summ       1%         N/A       50%         3


Dungeon Overview and Level Annotations

Branches:
Dungeon (4/15)
 Temple: D:4-7

Shops:
D:2 *

Annotations:
D:4 Dowan, Duvessa


Innate Abilities, Weirdness & Mutations

You have an increased reservoir of magic. (+10% MP)
You shall have no god before yourself.
Your divine heritage dramatically boosts your attributes as you level up.


Message History

You barely miss the gnoll.
The gnoll is moderately wounded.
The gnoll hits you with a +0 club.
* * * LOW HITPOINT WARNING * * *
You kill the gnoll!
You have reached level 4!
Things that are here:
a +0 club; a gnoll corpse
There is a stone staircase leading down, spattered with blood here.
You start resting.
Magic restored.
You start resting.
HP restored.
You climb downwards.
You hear the sound of rushing water.
There is an entrance to a sewer on this level.
Hurry and find it before the portal rusts away!
The walls and floor vibrate strangely for a moment.
Level annotation: Dowan, Duvessa
There is a stone staircase leading up here.
The gnoll closely misses you. The gnoll barely misses you.
There is a stone staircase leading up here.
The gnoll hits you with a +0 halberd!
* * * LOW HITPOINT WARNING * * *
The gnoll misses you.
You climb upwards.
There is a stone staircase leading down, spattered with blood here.
You hit the gnoll.
The gnoll is lightly wounded.
The gnoll hits you with a +0 halberd!
* * * LOW HITPOINT WARNING * * *
You closely miss the gnoll.
The gnoll is lightly wounded.
The gnoll hits you with a +0 halberd.
* * * LOW HITPOINT WARNING * * *
You hit the gnoll.
The gnoll is poisoned.
The gnoll is lightly wounded.
The gnoll hits you with a +0 halberd!
* * * LOW HITPOINT WARNING * * *
The gnoll hits you from afar with a +0 halberd.
You die...

# #.# #.......... #
############.# #.....##### #
#....>.......# #.....# #
#.###################.....# # #.#
#......)...#.....#### # #.#
#.########>#........# # #.#
#.#..........######.## # #.#
#.###.#g..##.# #..... # #.#
#.###@.....#.# #..... # #.#
#.#........#.# ##..... # #.#
#.#.########.###...... # #.# ###
#.#.# #.......... ###.#
#.####.#.#############..... ....#
#......#.............#....≈
...####.##################.....≈≈
...'....# #.....≈≈ ...######
##############.#.≈≈≈≈


You could see a gnoll (poisoned).

Vanquished Creatures
  A hound skeleton (D:3)
  A gnoll (D:3)
  An adder (D:3)
  A dart slug (D:3)
  An orc (D:4)
  4 ball pythons
  4 endoplasms
  A giant cockroach (D:3)
  7 goblins
  5 hobgoblins
  3 jackals (D:2)
  3 quokkas
  6 bats
  4 frilled lizards
  4 kobolds
  4 rats
50 creatures vanquished.

Notes
Turn   | Place    | Note
-------+----------+-------------------------------------------
     0 | D:1      | pkoi the Demigod Air Elementalist began the quest for the
                  | Orb.
     0 | D:1      | Reached XP level 1. HP: 14/14 MP: 5/5
   262 | D:1      | Reached skill level 3 in Air Magic
   500 | D:1      | Reached XP level 2. HP: 20/20 MP: 2/7
  1264 | D:2      | Reached skill level 1 in Conjurations
  1463 | D:2      | Found Imiteseg's General Store.
  1721 | D:2      | Reached XP level 3. HP: 26/26 MP: 5/8
  2216 | D:3      | Reached skill level 4 in Air Magic
  3018 | D:4      | Noticed Duvessa
  3019 | D:4      | Noticed Dowan
  3513 | D:3      | Reached XP level 4. HP: 10/33 MP: 8/10
  3733 | D:3      | Slain by a gnoll

Illustrated notes

Levels and vault maps discovered:
D:1:      minmay_arrival_doors, layout_basic, minmay_tetromino_i4
D:2:      layout_loops_ring, shapermc_ecumenical_altar_ellora, serial_shops,
          shop_statue
D:3:      layout_basic, lemuel_old_faithful
D:4:      layout_loops_ring, portal_sewer_entry_d, minmay_circle_x,
          uniq_grinder, uniq_duvessa

Skill      XL: |  1  2  3 |
---------------+----------+-----
Air Magic      | 3 4 |  4.1
Conjurations   | 1 |  1.6
Spellcasting   | 2 |  2.2
Dodging        | |  1.7
Stealth        | |  1.7

Action                   |  1- 3 |  4- 6 || total
-------------------------+-------+-------++-------
Melee: Dagger            |    65 |     3 ||    68
       Punch             |     1 |       ||     1
 Cast: Shock             |    63 |       ||    63
 Stab: Distracted        |     1 |       ||     1
       Sleeping          |     1 |       ||     1
Armor: Robe              |    24 |       ||    24
Dodge: Dodged            |    58 |     3 ||    61
